 Dungeon Crawl Stone Soup version 0.22-a0-362-g535178c (webtiles) character file.

9 iamserjio the Ruffian (level 2, 0/25 HPs)
             Began as a Naga Transmuter on Apr 21, 2018.
             Slain by a jackal (2 damage)
             ... on level 1 of the Dungeon.
             The game lasted 00:01:18 (362 turns).

iamserjio the Ruffian (Naga Transmuter)              Turns: 362, Time: 00:01:19

Health: 0/25       AC:  1    Str: 17    XL:     2   Next: 12%
Magic:  5/5        EV: 10    Int: 13    God:
Gold:   42         SH:  0    Dex: 11    Spells: 4/5 levels left

rFire    . . .     SeeInvis +     - Unarmed
rCold    . . .     Gourm    .   (no shield)
rNeg     . . .     Faith    .   b - +0 robe
rPois    +         Spirit   .   (no helmet)
rElec    .         Reflect  .   (no cloak)
rCorr    .         Harm     .   (no gloves)
MR       .....                  (no barding)
Stlth    ++........             (no amulet)
HPRegen  0.08/turn              (no ring)
MPRegen  0.09/turn              (no ring)

@: mighty, short of breath, very slow
A: large, see invisible, deformed body, poison resistance, slowness 2, slow
metabolism 1, spit poison 1, AC +0
a: Spit Poison


You were on level 1 of the Dungeon.
You were not hungry.

You visited 1 branch of the dungeon, and saw 1 of its levels.

You collected 42 gold pieces.

Inventory:

Missiles
 a - 12 arrows
Armour
 b - a +0 robe (worn)
Scrolls
 c - a scroll of identify {unknown}
Comestibles
 d - a ration


   Skills:
 - Level 1.0 Fighting
 - Level 1.5 Dodging
 + Level 1.4 Stealth
 + Level 3.2 Unarmed Combat
 - Level 2.0 Spellcasting
 + Level 2.2 Transmutations


You had 4 spell levels left.
You knew the following spells:

 Your Spells              Type           Power        Failure   Level  Hunger
a - Beastly Appendage     Tmut           #.....       10%         1    ##.....


Dungeon Overview and Level Annotations

Branches:
Dungeon (1/15)

Altars:


Innate Abilities, Weirdness & Mutations

You cannot wear boots.
Your serpentine skin is tough. (AC +0)
You have supernaturally acute eyesight. (SInv)
Armour fits poorly on your strangely shaped body.
Your system is resistant to poisons. (rPois)
You cover ground very slowly.
You have a slow metabolism.
You can spit poison.


Message History

You feel very mighty all of a sudden.
You have got your breath back.
The jackal bites you.
* * * LOW HITPOINT WARNING * * *
The jackal bites you.
* * * LOW HITPOINT WARNING * * *
You barely miss the jackal.
The jackal is severely wounded.
The jackal misses you.
Press: ? - help, Shift-Dir - straight line, f - jackal
Aim: a jackal (heavily wounded)
The splash of poison hits the jackal.
The jackal is almost dead.
You feel slightly more hungry. The jackal closely misses you.
You punch the jackal!
You kill the jackal!
You hit the jackal. Your punch misses the jackal.
The jackal is lightly wounded.
The jackal misses you. The jackal bites you.
You die...

##### ####)..# ##.##
##....#'#
......#####..####.####
..[...).h@..##..#.#..##
......#######.#.#.#.#.#
..... #..#...#..# ##.#
####.....###### #
+.....<.....'.#
####.....####.#
#..#...#..##.#
#.#.#.#.#.#...
##..#.#..#####


You could see a jackal.

Vanquished Creatures
  2 goblins (D:1)
  A hobgoblin (D:1)
  2 jackals (D:1)
  2 kobolds (D:1)
  A rat (D:1)
8 creatures vanquished.

Vanquished Creatures (others)
  A giant cockroach (D:1)
  A goblin (D:1)
2 creatures vanquished.

Grand Total: 10 creatures vanquished

Notes
Turn   | Place    | Note
-------+----------+-------------------------------------------
     0 | D:1      | iamserjio the Naga Transmuter began the quest for the Orb.
     0 | D:1      | Reached XP level 1. HP: 18/18 MP: 3/3
   342 | D:1      | Reached skill level 1 in Stealth
   352 | D:1      | Reached XP level 2. HP: 11/25 MP: 5/5
   362 | D:1      | Slain by a jackal

Vault maps used:
D:1:      nzn_arrival_crosshair, supply_closet_lemuel, lemuel_flame_loot_1

Skill      XL: |  1 |
---------------+----+-----
Stealth        | 1 |  1.4
Fighting       | |  1.0
Dodging        | |  1.5
Unarmed Combat | |  3.2
Spellcasting   | |  2.0
Transmutations | |  2.2

Action                   || total
-------------------------++-------
Melee: Unarmed           ||    24
 Abil: Spit Poison       ||     8
  Use: Potion            ||     1
Armor: Robe              ||     2
Dodge: Dodged            ||    10

Table legend:
 A = Spawn XP
 B = Non-spawn XP
 C = Spawn XP percentage of total XP
 D = Spawn monster count
 E = Non-spawn monster count
 F = Spawn count percentage of total count
 G = Total turns spent on level
                    A         B        C        D         E        F      G
               +---------+---------+-------+---------+---------+-------+---------
         Total |       0 |      13 |   0.0 |       0 |       8 |   0.0 |   362
               +---------+---------+-------+---------+---------+-------+---------
           D:1 |       0 |      13 |   0.0 |       0 |       8 |   0.0 |   362
               +---------+---------+-------+---------+---------+-------+---------
